 Dungeon Crawl Stone Soup version 0.31-a0-1496-g79c7dd0eeb (webtiles) character file.

Game seed: 7888790975476741342

2252 dorian the Fighter (level 9, 0/92 (97) HPs)
             Began as an Oni Shapeshifter on Dec 29, 2023.
             Was an Initiate of Gozag.
             Incinerated by a bombardier beetle (6 damage)
             ... with a burning spray
             ... on level 6 of the Dungeon.
             The game lasted 00:11:58 (6296 turns).

dorian the Fighter (Oni Shapeshifter)               Turns: 6296, Time: 00:11:58

HP:   0/92 (97)     AC:  1    Str: 20    XL:     9   Next: 37%
MP:   9/9           EV: 14    Int: 11    God:    Gozag
Gold: 340           SH:  0    Dex: 12    Spells: 8/8 levels left

rFire   . .          .
                       - Unarmed
rCold   . . .        (shield currently unavailable)
rNeg    . . .        a - melded +1 animal skin
rPois   .            (helmet restricted)
rElec   .            (no cloak)
rCorr   .            (gloves unavailable)
SInv    .            (boots unavailable)
Will    .....        (no amulet)
Stlth   +            (no ring)
HPRegen 0.35/turn    (no ring)
MPRegen 0.11/turn

%: no passive effects
@: mighty, on fire, flux-form, gold aura, glowing, studying Maces & Flails,
drained
A: glow, contaminating, reduced hp, large, unfitting armour, horns 1, tough skin
1, double potion healing, drunken brawling
a: Begin Untransformation, Renounce Religion, Potion Petition, Call Merchant,
Bribe Branch


You were on level 6 of the Dungeon.
You worshipped Gozag.
Gozag was aware of your devotion.
You were something dangerously unstable.
You visited 1 branch of the dungeon, and saw 6 of its levels.

You collected 425 gold pieces.
You paid 85 gold pieces to Gozag.

Inventory:

Missiles
 g - 6 javelins (quivered)
 l - 2 boomerangs
Armour
 a - a +1 animal skin (melded)
 v - a +0 pair of boots
Jewellery
 q - a ring of fire
Talismans
 c - a beast talisman
 d - a flux talisman (active)
Wands
 b - a wand of polymorph (9)
 n - a wand of flame (23)
 x - a wand of iceblast (13)
Scrolls
 f - 2 scrolls of enchant armour
 m - a scroll of enchant weapon
 r - a scroll of teleportation
 y - a scroll of revelation {unknown}
Potions
 h - 3 potions of degeneration
 j - a potion of ambrosia {unknown}
 k - 4 potions of curing
 o - a potion of haste {unknown}
 p - a potion of attraction {unknown}
 s - 2 potions of enlightenment {unknown}
 t - a potion of resistance {unknown}
 u - a potion of heal wounds {unknown}
 w - a potion of mutation {unknown}


   Skills:
 + Level 9.0 Fighting
 + Level 3.2 Dodging
 + Level 6.7 Unarmed Combat
 + Level 6.9 Shapeshifting


You had 8 spell levels left.
You didn't know any spells.
Your spell library contained the following spells:

 Spells                   Type           Power      Damage    Failure   Level
 Shock                    Conj/Air       0%         1d3       34%         1
 Swiftness                Air            0%         N/A       71%         3
 Airstrike                Air            0%         2d(0-16)  98%         4


Dungeon Overview and Level Annotations

Branches:
Dungeon (6/15)             Temple (0/1) D:6

Altars:
Ashenzari
Gozag
Hepliaklqana
Ru
Sif Muna


Innate Abilities, Weirdness & Mutations

You are something dangerously unstable.
You glow with magical radiation, making you easy to see and hit.
Foes you strike become dangerously contaminated with magical radiation.
Your maximum health is decreased, since you lack skill for your form.
You are incapable of wielding weapons or throwing items.
You are too large for most types of armour.
You have a pair of small horns on your head.
You have tough skin. (AC +1)
You gain doubled healing and magic from potions.
Whenever you drink a healing potion, you attack all around you.


Message History

The bombardier beetle twists and deforms.
The bombardier beetle is severely wounded.
The liquid fire burns you! The ufetubus slips past you!
The ufetubus closely misses you. x2
You hit the bombardier beetle.
The bombardier beetle begins to glow.
You headbutt the bombardier beetle.
The bombardier beetle is almost dead.
The liquid fire burns you! The ufetubus closely misses you.
The ufetubus barely misses you. The bombardier beetle bites you.
The ufetubus barely misses you.
The ufetubus hits you but does no damage.
You punch the bombardier beetle!
You kill the bombardier beetle!
The liquid fire burns you!
* * * LOW HITPOINT WARNING * * *
The ufetubus hits you.
* * * LOW HITPOINT WARNING * * *
The ufetubus closely misses you.
You hit the ufetubus.
The ufetubus glows dangerously bright.
The ufetubus is moderately wounded.
The liquid fire burns you!
* * * LOW HITPOINT WARNING * * *
The ufetubus hits you.
* * * LOW HITPOINT WARNING * * *
The ufetubus hits you.
* * * LOW HITPOINT WARNING * * *
You punch the ufetubus!
You kill the ufetubus!
The liquid fire burns you!
* * * LOW HITPOINT WARNING * * *
You are on fire!
You are on fire!
It was a potion of might.
You feel very mighty all of a sudden. The liquid fire burns you!
* * * LOW HITPOINT WARNING * * *
It was a potion of magic.
Magic courses through your body. The liquid fire burns you!
You die...
Your body crumbles into a pile of gold.

### # ##.### ... #.###
#..#.## ....
.....##.....### #..#
........?...#.### ...##
.#....$.......## ....#
#..$p.........# ....#
......$..###..#..# .....
.........#....#..# ....#
..#...........##.# .....
. #.......#......#
.#...#...
...##....##....##
##......##..#
...#.....###
#..#.#..##.....###....##
##.#.#.#####...###..#.#


There were no monsters in sight!

Vanquished Creatures
  Pikel (D:4)
  Grinder (D:5)
  Sigmund (D:2)
  Menkaure (D:4)
  2 ogres (D:6)
  A centaur (D:5)
  A phantom (D:4)
  A bullfrog (D:4)
  A scorpion (D:5)
  5 wights (D:6)
  3 bombardier beetles
  2 hounds (D:4)
  2 jellies
  A gnoll bouda (D:3)
  An iguana (D:3)
  Ijyb (D:3)
  Terence (D:2)
  An orc wizard (D:5)
  7 gnolls
  7 adders
  2 ufetubi (D:6)
  3 worms
  5 dart slugs
  8 orcs
  3 bats
  7 endoplasms
  2 giant cockroaches
  7 goblins
  5 hobgoblins
  3 jackals (D:2)
  9 kobolds
  4 quokkas
  4 ball pythons
  7 frilled lizards
  5 rats
  A spectral kobold (D:2)
116 creatures vanquished.

Notes
Turn   | Place    | Note
-------+----------+-------------------------------------------
     0 | D:1      | dorian the Oni Shapeshifter began the quest for the Orb.
     0 | D:1      | Reached XP level 1. HP: 19/19 MP: 1/1
   229 | D:1      | Reached XP level 2. HP: 28/28 MP: 2/2
   245 | D:1      | Reached skill level 2 in Fighting
   826 | D:2      | Noticed Terence
   833 | D:2      | Killed Terence
   834 | D:2      | Reached XP level 3. HP: 17/36 MP: 3/3
   930 | D:2      | Reached skill level 3 in Fighting
   995 | D:2      | Reached XP level 4. HP: 45/45 MP: 4/4
  1010 | D:2      | Found a shimmering blue altar of Sif Muna.
  1379 | D:2      | Reached XP level 5. HP: 42/54 MP: 5/5
  1730 | D:2      | Noticed Sigmund
  1739 | D:2      | Killed Sigmund
  1740 | D:2      | Reached skill level 4 in Fighting
  1740 | D:2      | Reached XP level 6. HP: 47/63 MP: 6/6
  1937 | D:2      | Found a faded altar of an unknown god.
  2250 | D:3      | Found a broken altar of Ashenzari.
  2303 | D:3      | Noticed Ijyb
  2309 | D:3      | Killed Ijyb
  2491 | D:3      | Reached skill level 5 in Fighting
  3174 | D:4      | Reached XP level 7. HP: 63/71 MP: 7/7
  3324 | D:4      | Noticed Menkaure
  3333 | D:4      | Killed Menkaure
  3334 | D:4      | Reached skill level 6 in Fighting
  3334 | D:4      | Reached skill level 5 in Shapeshifting
  3348 | D:4      | Reached skill level 5 in Unarmed Combat
  3833 | D:4      | Noticed Pikel
  3851 | D:4      | Killed Pikel
  3852 | D:4      | Reached skill level 7 in Fighting
  3852 | D:4      | Reached XP level 8. HP: 63/88 MP: 8/8
  4172 | D:5      | Entered Level 5 of the Dungeon
  4192 | D:5      | Reached skill level 8 in Fighting
  4859 | D:5      | Found an opulent altar of Gozag.
  4921 | D:5      | Became a worshipper of Gozag Ym Sagoz the Greedy
  4989 | D:5      | Noticed Grinder
  5002 | D:5      | Killed Grinder
  5003 | D:5      | Reached XP level 9. HP: 83/97 MP: 9/9
  5730 | D:6      | Found a sacrificial altar of Ru.
  5740 | D:6      | Found the +7 Kryia's mail coat {PotionHeal*2 rC+}
  5963 | D:6      | Found a staircase to the Ecumenical Temple.
  5975 | D:6      | Reached skill level 9 in Fighting
  6157 | D:6      | Found a hazy altar of Hepliaklqana.
  6296 | D:6      | Incinerated by a bombardier beetle

Illustrated notes

Levels and vault maps discovered:
D:1:      minmay_arrival_radiant_lines, layout_basic,
          amcnicky_mini_corridor_feature
D:2:      layout_basic, basic_altar, dreamdust_ecumenical_altar_drowned_temple,
          uniq_terence, uniq_sigmund
D:3:      layout_basic, evilmike_ruin_ashenzari, nicolae_titane, uniq_ijyb
D:4:      layout_loops_cross, uniq_menkaure, uniq_pikel
D:5:      layout_gridville, mainiacjoe_overflow_paths, uniq_grinder
D:6:      layout_cave_pools, mainiacjoe_overflow_catwalk,
          mainiacjoe_overflow_small_starburst, minmay_temple_entry_glass,
          nrook_uturn, minivault_10

Skill      XL: |  1  2  3  4  5  6  7  8  9 |
---------------+----------------------------+-----
Fighting       | 2 3 4 5 7 8 9 |  9.0
Unarmed Combat | 3 4 5 6 |  6.7
Shapeshifting  | 4 6 |  6.9
Dodging        | 2 3 |  3.2

Action                     |  1- 3 |  4- 6 |  7- 9 || total
---------------------------+-------+-------+-------++-------
  Melee: Unarmed           |    61 |   120 |   177 ||   358
         Headbutt          |     7 |    26 |    28 ||    61
         Punch             |     2 |     7 |     1 ||    10
  Throw: Javelin           |       |    14 |       ||    14
    Use: Scroll            |     5 |     1 |     2 ||     8
         Potion            |       |       |     5 ||     5
 Armour: Animal skin       |    32 |    63 |     6 ||   101
         Skin              |       |       |    90 ||    90
  Dodge: Dodged            |    23 |    32 |   112 ||   167
   Form: Flux              |       |       |     2 ||     2
         Beast             |       |       |     1 ||     1

Table legend: (Time is in decaauts)
 A = Elapsed time spent in this place.
 B = Non-inter-level travel time spent in this place.
 C = Inter-level travel time spent in this place.
 D = Time resting spent in this place.
 E = Time spent auto-exploring this place.
 F = Levels seen in this place.
 G = Mean time per level.
                   A        B        C        D        E       F      G
               +--------+--------+--------+--------+--------+-----+--------+
         Total |   6271 |   5997 |    274 |    434 |   4682 |   6 | 1045.2 |
       Dungeon |   6271 |   5997 |    274 |    434 |   4682 |   6 | 1045.2 |
               +--------+--------+--------+--------+--------+-----+--------+

Top non-repeatable levels by time:
     D:2: 1399 daAuts
     D:4: 1165 daAuts
     D:5: 1152 daAuts
     D:3: 918 daAuts
     D:1: 823 daAuts
     D:6: 812 daAuts
